 Dungeon Crawl Stone Soup version 0.29.1-14-g9c671dbff4 (webtiles) character file.

Game seed: 7745122264011769893

77 Heoruswealwe the Caller (level 4, -1/24 HPs)
             Began as a Deep Elf Summoner on Feb 16, 2023.
             Was a Believer of Lugonu.
             Slain by Crazy Yiuf
             ... wielding a +4 quarterstaff of chaos
              (3 damage)
             ... on level 2 of the Dungeon.
             The game lasted 00:18:45 (1483 turns).

Heoruswealwe the Caller (Deep Elf Summoner)         Turns: 1483, Time: 00:18:46

Health: -1/24      AC: 10    Str: 11    XL:     4   Next: 13%
Magic:  4/11       EV: 12    Int: 22    God:    Lugonu [**....]
Gold:   52         SH:  0    Dex: 15    Spells: 6/10 levels left

rFire   . . .      SeeInvis .   o - +0 long sword (protect)
rCold   . . .      Faith    .   (no shield)
rNeg    . . .      Spirit   .   a - +0 robe
rPois   .          Reflect  .   (no helmet)
rElec   .          Harm     .   A - +0 cloak
rCorr   .          Rampage  .   (no gloves)
Will    .....                   (no boots)
Stlth   ++........              (no amulet)
HPRegen 0.08/turn               g - +6 ring of strength
MPRegen 0.12/turn               (no ring)

@: under a protective aura
A: no striking features
a: Renounce Religion, Depart the Abyss, Bend Space


You were on level 2 of the Dungeon.
You worshipped Lugonu.
Lugonu was pleased with you.
You visited 1 branch of the dungeon, and saw 2 of its levels.

You collected 52 gold pieces.

Inventory:

Hand Weapons
 e - a +0 club
 h - a +0 club
 k - a +0 flail
 m - a +0 spear
 o - a +0 long sword of protection (weapon)
 p - a +0 spear
 u - a +0 dagger
 v - a +0 spear
 w - a +0 dagger
 y - a +0 flail
 B - a +0 club
 C - a +1 hammer of protection
Missiles
 d - 8 stones
 l - 6 large rocks
Armour
 a - a +0 robe (worn)
 f - a +0 plate armour
 t - a +0 scale mail
 x - a +0 ring mail
 A - a +0 cloak (worn)
Magical Staves
 c - a staff of air
Jewellery
 g - a +6 ring of strength (left hand)
Scrolls
 j - a scroll of noise {unknown}
 q - a scroll of teleportation
Potions
 b - a potion of magic
 i - a potion of curing
 n - a potion of lignification
 r - a potion of ambrosia {unknown}
 s - a potion of might {unknown}
 z - 2 potions of degeneration {unknown}


   Skills:
 + Level 0.4 Fighting
 + Level 0.7 Long Blades
 + Level 2.5 Dodging
 + Level 2.6 Stealth
 * Level 3.6 Spellcasting
 + Level 0.2 Conjurations
 + Level 1.1 Hexes
 * Level 4.7 Summonings
 + Level 0.9 Necromancy
 + Level 0.5 Translocations
 + Level 0.4 Transmutations
 + Level 0.2 Fire Magic
 + Level 0.5 Ice Magic
 + Level 0.6 Air Magic
 + Level 0.2 Earth Magic
 + Level 0.3 Poison Magic
 + Level 0.2 Invocations
 + Level 0.2 Evocations


You had 6 spell levels left.
You knew the following spells:

 Your Spells              Type           Power      Damage    Failure   Level
a - Summon Small Mammal   Summ           96%        N/A       1%          1
b - Call Canine Familiar  Summ           24%        N/A       4%          3

Your spell library contained the following spells:

 Spells                   Type           Power      Damage    Failure   Level
 Call Imp                 Summ           24%        N/A       2%          2
 Summon Guardian Golem    Hex/Summ       16%        N/A       11%         3
 Summon Lightning Spire   Summ/Air       15%        N/A       36%         4


Dungeon Overview and Level Annotations

Branches:
Dungeon (2/15)

Altars:
Lugonu

Annotations:
D:2 Crazy Yiuf


Message History

You see here a +1 hammer of protection.
C - a +1 hammer of protection
Found two hammers.
Found a runed translucent door.
Found a hammer.
Found a hammer.
Casting: Call Canine Familiar (quite dangerous; 4% risk of failure)
Confirm with . or Enter, or press ? or * to list all spells.
The spell is quite dangerous to miscast (4% risk of failure)!
Continue anyway?
You open the door.
You swap places.
Crazy Yiuf shouts!
Crazy Yiuf drinks a potion.
Crazy Yiuf suddenly seems more resistant.
Your hound bites Crazy Yiuf but does no damage.
Crazy Yiuf hits your hound with a +4 quarterstaff of chaos!
Your hound blinks!
Your hound bites Crazy Yiuf.
Your hound bites Crazy Yiuf.
Crazy Yiuf hits you with a +4 quarterstaff of chaos!
You feel your power leaking away.
Your hound bites Crazy Yiuf.
There is an open translucent door here.
You hit Crazy Yiuf.
Your weapon exudes an aura of protection.
Crazy Yiuf is heavily wounded.
Your hound bites Crazy Yiuf.
Crazy Yiuf says, "Rot blue stair!"
Crazy Yiuf barely misses you.
Your hound bites Crazy Yiuf but does no damage.
Crazy Yiuf hits your hound with a +4 quarterstaff of chaos.
Crazy Yiuf freezes your hound.
Your hound dies!
Your hound's corpse disappears in a puff of smoke!
Casting: Call Canine Familiar (quite dangerous; 4% risk of failure)
Confirm with . or Enter, or press ? or * to list all spells.
The spell is quite dangerous to miscast (4% risk of failure)!
Continue anyway?
Crazy Yiuf hits you with a +4 quarterstaff of chaos!
* * * LOW HITPOINT WARNING * * *
Crazy Yiuf freezes you.
You die...

# # # #
##### #
#).)# #
#.h)# #
#.g§#
### #@#
#.. ♣♣.♣
#.# ♣.♣♣
#.# ##+#
♣♣.♣ #.#
##..#
♣.♣♣ #.#
##...#
♣♣.♣♣
#.#
##....#
♣.♣.♣♣
#.#
#.....#
♣....♣
######.#
+.....#
#....#
........


You could see Crazy Yiuf (resistant, ally target) and a friendly hound
(summoned).

Vanquished Creatures
  2 gnolls (D:2)
  A dart slug (D:2)
  An endoplasm (D:2)
  3 hobgoblins (D:1)
  A jackal (D:1)
  A quokka (D:1)
  A ball python (D:1)
  2 bats (D:1)
  A frilled lizard (D:1)
  3 rats
16 creatures vanquished.

Vanquished Creatures (collateral kills)
  2 gnolls (D:2)
  2 giant cockroaches (D:1)
  A goblin (D:1)
  A hobgoblin (D:1)
  2 jackals (D:1)
  2 quokkas (D:1)
  A ball python (D:2)
  A bat (D:1)
  A frilled lizard (D:1)
  4 kobolds
  2 rats (D:1)
19 creatures vanquished.

Grand Total: 35 creatures vanquished

Notes
Turn   | Place    | Note
-------+----------+-------------------------------------------
     0 | D:1      | Heoruswealwe the Deep Elf Summoner began the quest for the
                  | Orb.
     0 | D:1      | Reached XP level 1. HP: 10/10 MP: 6/6
   231 | D:1      | Reached XP level 2. HP: 4/15 MP: 6/8
   554 | D:1      | Found a faded altar of an unknown god.
   637 | D:1      | Prayed at the altar of an unknown god.
   637 | D:1      | Became a worshipper of Lugonu the Unformed
   637 | D:1      | Reached * piety under Lugonu
   637 | D:1      | Reached ** piety under Lugonu
   670 | D:1      | Reached XP level 3. HP: 19/19 MP: 7/9
   911 | D:1      | Learned a level 3 spell: Call Canine Familiar
  1143 | D:2      | Reached skill level 1 in Hexes
  1193 | D:2      | Reached XP level 4. HP: 2/24 MP: 11/11
  1470 | D:2      | Found a runed translucent door.
  1471 | D:2      | Noticed Crazy Yiuf
  1483 | D:2      | Slain by Crazy Yiuf

Illustrated notes

Levels and vault maps discovered:
D:1:      scummos_arrival_gate, layout_loops_ring, basic_ecumenical_altar
D:2:      layout_loops_corners, uniq_crazy_yiuf_cottage, uniq_robin,
          uniq_natasha

Skill      XL: |  1  2  3 |
---------------+----------+-----
Hexes          | 1 |  1.1
Fighting       | |  0.4
Long Blades    | |  0.7
Dodging        | |  2.5
Stealth        | |  2.6
Spellcasting   | |  3.6
Conjurations   | |  0.2
Summonings     | |  4.7
Necromancy     | |  0.9
Translocations | |  0.5
Transmutations | |  0.4
Fire Magic     | |  0.2
Ice Magic      | |  0.5
Air Magic      | |  0.6
Earth Magic    | |  0.2
Poison Magic   | |  0.3
Invocations    | |  0.2
Evocations     | |  0.2

Action                   |  1- 3 |  4- 6 || total
-------------------------+-------+-------++-------
Melee: Staff             |    16 |       ||    16
       Long sword        |    31 |     6 ||    37
       Punch             |       |     1 ||     1
 Cast: Summon Small Mamm |    26 |       ||    26
       Call Canine Famil |     4 |     3 ||     7
  Use: Scroll            |     6 |       ||     6
 Stab: Sleeping          |     1 |       ||     1
Armor: Robe              |    14 |     2 ||    16
Dodge: Dodged            |    42 |     2 ||    44
